 Dungeon Crawl Stone Soup version 0.27.0-1-g7a089689b8 (webtiles) character file.

Game seed: 16275840107413891237

733 mhtbhm the Chopper (level 7, 0/94 HPs)
             Began as a Minotaur Berserker on Aug 1, 2021.
             Was a Priest of Trog.
             Slain by Menkaure (10 damage)
             ... on level 5 of the Dungeon.
             The game lasted 00:05:47 (5760 turns).

mhtbhm the Chopper (Minotaur Berserker)             Turns: 5760, Time: 00:05:48

Health: 0/94       AC: 23    Str: 24    XL:     7   Next: 45%
Magic:  6/6        EV:  2    Int:  4    God:    Trog [***...]
Gold:   225        SH:  5    Dex:  9    Spells: 6/6 levels left

rFire    . . .     SeeInvis .   a - +0 hand axe
rCold    + . .     Faith    .   (no shield)
rNeg     + + +     Spirit   .   (armour currently unavailable)
rPois    +         Reflect  +   (helmet currently unavailable)
rElec    .         Harm     .   (cloak currently unavailable)
rCorr    .         Rampage  .   (gloves currently unavailable)
Will     .....     NoTele   +   (boots currently unavailable)
Stlth    +.........             d - amulet of reflection
HPRegen  0.25/turn              m - ring of positive energy
MPRegen  0.10/turn              r - ring of protection from cold

@: tree-form, on berserk cooldown, slowed, very slow
A: stationary, stasis, torment immunity, boosted hp, (horns 2), (retaliatory
headbutt)
a: Renounce Religion, Berserk, Trog's Hand


You were on level 5 of the Dungeon.
You worshipped Trog.
Trog was most pleased with you.
You were a tree.
You visited 1 branch of the dungeon, and saw 5 of its levels.
You also visited: Sewer.

You collected 225 gold pieces.

Inventory:

Hand Weapons
 a - a +0 hand axe (weapon)
Armour
 b - a +0 plate armour (melded)
Jewellery
 d - an amulet of reflection (around neck)
 m - a ring of positive energy (left branch)
 r - a ring of protection from cold (right branch)
Wands
 o - a wand of flame (13)
 s - a wand of iceblast (8)
Scrolls
 g - 2 scrolls of blinking
 h - 4 scrolls of teleportation
 i - a scroll of enchant armour
 j - a scroll of fear
 k - a scroll of magic mapping {unknown}
 l - a scroll of fog {unknown}
 q - a scroll of enchant weapon {unknown}
Potions
 e - a potion of magic
 f - 3 potions of flight
 n - 2 potions of attraction {unknown}
 p - a potion of mutation {unknown}


   Skills:
 + Level 6.0 Fighting
 + Level 7.1 Axes
 + Level 3.5 Armour
 + Level 4.7 Dodging
 + Level 1.0 Stealth
 + Level 2.1 Shields


You had 6 spell levels left.
You didn't know any spells.
Your spell library was empty.

Dungeon Overview and Level Annotations

Branches:
Dungeon (5/15)              Sewer (visited)
 Temple: D:4-7

Altars:
Okawaru

Annotations:
D:5 Menkaure


Innate Abilities, Weirdness & Mutations

You are a tree.
Your roots penetrate the ground, keeping you stationary.
You cannot be teleported.
You are immune to unholy pain and torment.
Your maximum health is greatly increased.
Your equipment is partially melded.
((You have a pair of horns on your head.))
((You reflexively headbutt those who attack you in melee.))


Message History

Menkaure is moderately damaged.
Menkaure points at you and mumbles some strange words.
You struggle to resist.
Unknown command.
You hit Menkaure.
Menkaure is heavily damaged.
You hit the gnoll but do no damage. The gnoll hits you but does no damage.
Menkaure hits you! The gnoll barely misses you.
Menkaure casts a spell.
Menkaure seems to speed up.
Unknown command.
Okay, then.
Really quaff the potion of lignification?
You turn into a tree.
Your +0 plate armour melds into your body.
Your roots penetrate the ground.
Menkaure hits you!
* * * LOW HITPOINT WARNING * * *
The gnoll hits you but does no damage.
The shadow imp hits you but does no damage.
Unknown command.
You barely miss Menkaure.
Menkaure is heavily damaged.
You hit the gnoll but do no damage.
You hit the shadow imp but do no damage.
Menkaure hits you!
* * * LOW HITPOINT WARNING * * *
The gnoll hits you but does no damage. You block the shadow imp's attack.
Menkaure hits you.
* * * LOW HITPOINT WARNING * * *
The gnoll hits you but does no damage.
The shadow imp hits you but does no damage.
You slash Menkaure!
Menkaure is severely damaged.
You completely miss the shadow imp. You hit the gnoll.
You kill the gnoll!
Trog accepts your kill. Menkaure hits you but does no damage.
The shadow imp hits you but does no damage.
Menkaure hits you!
You die...

##### ##...##
##....⌠###
#.).)....###
..#####.⌠)<.......
#......))))†..#.##
.####M♣5...⌠.....
............###...
.#.##.####### ..
#. # #


You could see Menkaure (fast) and a shadow imp.

Vanquished Creatures
  2 ogres
  The ghost of SweetAndFullOfGrace the Magician, an amateur VSWz of Cheibriados (D:3)
  A scorpion (D:4)
  A howler monkey (D:3)
  A gnoll shaman (D:5)
  A hound (D:3)
  Jessica (D:3)
  An iguana (D:4)
  7 gnolls (D:5)
  9 adders
  A river rat (D:3)
  7 worms
  4 dart slugs
  3 orcs
  11 bats
  11 endoplasms
  3 giant cockroaches
  6 goblins
  6 hobgoblins
  15 jackals
  7 kobolds
  7 quokkas
  11 ball pythons
  3 frilled lizards
  5 rats
125 creatures vanquished.

Vanquished Creatures (others)
  2 fungi (D:1)
2 creatures vanquished.

Grand Total: 127 creatures vanquished

Notes
Turn   | Place    | Note
-------+----------+-------------------------------------------
     0 | D:1      | mhtbhm the Minotaur Berserker began the quest for the Orb.
     0 | D:1      | Reached XP level 1. HP: 19/19 MP: 0/0
   189 | D:1      | Reached XP level 2. HP: 27/27 MP: 1/1
   227 | D:1      | Reached skill level 4 in Axes
   384 | D:1      | Reached XP level 3. HP: 33/33 MP: 2/2
   502 | D:1      | Reached ** piety under Trog
  1671 | D:2      | Noticed an ogre
  1677 | D:2      | Killed an ogre
  1678 | D:2      | Reached skill level 5 in Axes
  1678 | D:2      | Reached XP level 4. HP: 41/41 MP: 3/3
  1678 | D:2      | Reached XP level 5. HP: 47/47 MP: 4/4
  2226 | D:2      | Reached skill level 5 in Fighting
  2527 | D:3      | Found a runed translucent door.
  2534 | D:3      | Noticed SweetAndFullOfGrace's ghost (amateur VSWz)
  2552 | D:3      | Killed SweetAndFullOfGrace's ghost
  2632 | D:3      | Reached XP level 6. HP: 33/56 MP: 5/5
  2639 | D:3      | Reached skill level 6 in Axes
  2651 | D:3      | Identified a scroll of acquirement
  2652 | D:3      | Acquired an amulet of reflection
  2653 | D:3      | Found a glowing drain.
  2687 | Sewer    | Entered a sewer
  3834 | D:3      | Reached *** piety under Trog
  3858 | D:3      | Found an iron altar of Okawaru.
  4020 | D:3      | Reached skill level 1 in Shields
  4208 | D:3      | Noticed Jessica
  4217 | D:3      | Killed Jessica
  4427 | D:3      | Found a faded altar of an unknown god.
  4618 | D:4      | Reached XP level 7. HP: 26/62 MP: 6/6
  5743 | D:5      | Entered Level 5 of the Dungeon
  5747 | D:5      | Reached skill level 1 in Stealth
  5747 | D:5      | Noticed Menkaure
  5751 | D:5      | Reached skill level 7 in Axes
  5760 | D:5      | Slain by Menkaure

Illustrated notes

Levels and vault maps discovered:
D:1:      lemuel_arrival_muddy, layout_loops_ring
D:2:      layout_basic
D:3:      layout_loops_ring, okawaru_ov_weapons_minmay, portal_sewer_entry_a,
          ebering_ghost_sewer_d, basic_ecumenical_altar,
          kennysheep_generic_room_10, uniq_jessica
D:4:      layout_cave_pods
D:5:      gammafunk_cloud_chamber, layout_loops_cross, grunt_ministairs_1,
          uniq_menkaure, uniq_grinder

Skill      XL: |  1  2  3  4  5  6  7 |
---------------+----------------------+-----
Axes           | 4 5 6 7 |  7.1
Fighting       | 4 5 6 |  6.0
Dodging        | 3 4 |  4.7
Shields        | 1 2 |  2.1
Armour         | 3 |  3.5
Stealth        | 1 |  1.0

Action                   |  1- 3 |  4- 6 |  7- 9 || total
-------------------------+-------+-------+-------++-------
Melee: Hand axe          |    68 |   159 |    33 ||   260
       Headbutt          |    14 |    21 |     6 ||    41
Invok: Berserk           |     1 |     4 |     2 ||     7
  Use: Scroll            |     2 |     8 |       ||    10
       Potion            |       |     2 |     1 ||     3
Armor: Animal skin       |     8 |    21 |       ||    29
       Plate armour      |       |    14 |    12 ||    26
       Skin              |       |       |     7 ||     7
Dodge: Dodged            |    62 |    91 |    14 ||   167
Block: Other             |       |    28 |     6 ||    34
